 Dungeon Crawl Stone Soup version 0.17-a0-1078-g243345b (webtiles) character file.

19860 RobertPalmer the Fencer (level 12, -1/115 HPs)
             Began as a Naga Chaos Knight on May 19, 2015.
             Slain by a skeletal warrior
             ... wielding a +0 war axe
              (11 damage)
             ... on level 12 of the Dungeon.
             The game lasted 00:32:07 (10934 turns).

RobertPalmer the Fencer (Naga Chaos Knight)        Turns: 10934, Time: 00:32:07

Health: -1/115     AC: 20    Str: 15      XL:     12   Next: 73%
Magic:  0/12       EV: 12    Int: 17 (18) God:    Xom [......]
Gold:   241        SH:  0    Dex: 12      Spells: 0 memorised, 11 levels left

rFire  + . .     SeeInvis +     a - +2 triple sword (freeze)
rCold  + . .     Clarity  .     I - +1 leather armour {rC+}
rNeg   . . .     SustAb   .     (no shield)
rPois  +         Gourm    .     (helmet restricted)
rElec  .         Spirit   +     q - +2 cloak
rCorr  .         Warding  .     w - +1 pair of gloves
rMut   .         Stasis   .     g - +0 naga barding
MR     +....                    o - amulet of guardian spirit {Spirit}
Stlth  +.........               N - +3 ring of dexterity
                                h - +5 ring of evasion

@: very slow, somewhat resistant to hostile enchantments, very unstealthy
A: beak, rough black scales 1, see invisible, deformed body, deterioration 1,
fire resistance 1, poison resistance, screaming 1, slowness 2, slow metabolism
1, spit poison 2, wild magic 1, AC +4
a: Spit Poison, Renounce Religion


You were on level 12 of the Dungeon.
You worshipped Xom.
You were a very special plaything of Xom.
You were not hungry.

You visited 1 branch of the dungeon, and saw 12 of its levels.

You collected 626 gold pieces.
You spent 385 gold pieces at shops.

Inventory:

Hand weapons
 a - a +2 triple sword of freezing (weapon)
   (You acquired it on level 8 of the Dungeon)
Armour
 g - a +0 naga barding (worn)
   (You found it on level 6 of the Dungeon)
 q - a +2 cloak (worn)
   (You took it off Crazy Yiuf on level 2 of the Dungeon)
 w - a +1 pair of gloves (worn)
   (You found it on level 3 of the Dungeon)
 I - a +1 leather armour of cold resistance (worn)
   (You found it on level 11 of the Dungeon)
Jewellery
 d - an uncursed ring of ice {rC+, rF-}
   (You found it on level 6 of the Dungeon)
 h - a +5 ring of evasion (left hand)
   (You found it on level 1 of the Dungeon)
 o - an amulet of guardian spirit (around neck) {Spirit}
   (You found it on level 2 of the Dungeon)
 t - a +3 ring of intelligence
   (You took it off an orc on level 3 of the Dungeon)
 F - a +2 ring of intelligence
   (You found it on level 9 of the Dungeon)
 N - a +3 ring of dexterity (right hand)
   (You found it on level 10 of the Dungeon)
Magical devices
 Q - a wand of digging (8)
   (You found it on level 11 of the Dungeon)
 T - a wand of confusion (20)
   (You found it on level 11 of the Dungeon)
Scrolls
 k - 7 scrolls of remove curse
 n - a scroll of fear
 E - a scroll of enchant armour
Potions
 e - 3 potions of might
 i - 2 potions of flight
 j - 4 potions of brilliance
 l - 7 potions of curing
 p - a potion of poison
 r - 8 potions of lignification {!q}
 B - a potion of berserk rage {!q}
 C - 3 potions of degeneration {!q}
 G - a potion of ambrosia {!q}
 L - a potion of cancellation
Books
 u - a book of Annihilations {highlevel, unknown}
   (You found it on level 9 of the Dungeon)
 M - an Akashic Record {highlevel, unknown}
   (You found it on level 9 of the Dungeon)
Comestibles
 c - 10 bread rations {@e1}
 z - 2 slices of pizza
 H - 5 royal jellies
 J - a meat ration {@e2}
 P - 5 fruits


   Skills:
 - Level 9.6 Fighting
 + Level 17.4 Long Blades
 - Level 1.5 Armour
 - Level 0.7 Dodging


You had 11 spell levels left.
You didn't know any spells.

Dungeon Overview and Level Annotations

Branches:
Dungeon (12/15)            Temple (0/1) D:6            Lair (0/8) D:11
    Orc (0/4) D:10

Altars:
Ashenzari
Elyvilon
Gozag
Makhleb
Nemelex Xobeh
Okawaru
Qazlal
Vehumet
Xom
Yredelemnul
Zin
The Shining One

Shops:
D:9 !


Innate Abilities, Weirdness & Mutations

You cannot wear boots.
Your serpentine skin is tough (AC +4).
You have supernaturally acute eyesight.
Armour fits poorly on your strangely shaped body.
Your system is resistant to poisons.
You cover ground very slowly.
You have a slow metabolism.
You can spit poison.
You have a beak for a mouth.
You are partially covered in rough black scales (AC +4, Dex -1).
Your body sometimes deteriorates upon taking damage.
Your flesh is heat resistant.
You occasionally shout uncontrollably at your foes.
Your spells are a little harder to cast, but a little more powerful.


Message History

The skeletal warrior hits you with a war axe!
* * * LOW HITPOINT WARNING * * *
You take 11 damage, and have 32/114 hp.
You now have 6/12 mp.
Unknown command.
Unknown command.
You closely miss the skeletal warrior.
The skeletal warrior closely misses you.
The skeletal warrior hits you but does no damage.
You slash the skeletal warrior! You freeze the skeletal warrior.
The skeletal warrior barely misses you.
The skeletal warrior hits you but does no damage.
Read which item? (? for menu, Esc to quit)
Really read
m - a scroll of blinking {!r}?
Blink to where?
You are very lightly contaminated with residual magic.
As you read the scroll of blinking {!r}, it crumbles to dust.
Unknown command.
Unknown command.
Read which item? (? for menu, Esc to quit)
Okay, then.
Drink which item? (? for menu, Esc to quit)
It was a potion of heal wounds.
You feel much better.
You regained 24 hp, and now have 60/115 hp.
A skeletal warrior comes into view. It is wielding a dire flail.
You hit the skeletal warrior.
The skeletal warrior hits you with a mace!
You take 14 damage, and have 51/115 hp.
You now have 8/12 mp.
You hit the skeletal warrior but do no damage.
The skeletal warrior closely misses you.
You slash the skeletal warrior! You freeze the skeletal warrior.
You almost hear Xom's maniacal laughter.
You spin around.
The skeletal warrior hits you with a mace!
You take 9 damage, and have 43/115 hp.
You closely miss the skeletal warrior.
You peck the skeletal warrior, but do no damage.
The skeletal warrior hits you but does no damage.
You slice the skeletal warrior!! You freeze the skeletal warrior.
The skeletal warrior hits you but does no damage.
You barely miss the skeletal warrior.
Unknown command.
You slice the skeletal warrior!! You freeze the skeletal warrior.
You destroy the skeletal warrior!
You slice the skeletal warrior!!
You freeze the skeletal warrior. "Heh heh heh..."
You are confused.
The skeletal warrior hits you with a war axe.
The skeletal warrior hits you but does no damage.
You take 1 damage, and have 43/115 hp.
Unknown command.
Unknown command.
Unknown command.
Drink which item? (? for menu, Esc to quit)
You feel better. "Feel my power!"
The fireball engulfs the skeletal warrior.
The skeletal warrior appears unharmed.
The fireball engulfs the skeletal warrior.
The fireball engulfs the withered plant.
The fireball engulfs the skeletal warrior. x3
The fireball engulfs the withered plant.
The fireball engulfs the skeletal warrior.
The skeletal warrior hits you with a war axe!
You take 3 damage, and have 40/115 hp.
You now have 5/12 mp.
Unknown command.
Unknown command.
Unknown command.
You hit the skeletal warrior but do no damage.
The skeletal warrior hits you from afar with a trident!!
* * * LOW HITPOINT WARNING * * *
The skeletal warrior hits you with a war axe.
* * * LOW HITPOINT WARNING * * *
You take 24 damage, and have 16/115 hp.
MASSIVE DAMAGE!!
You now have 2/12 mp.
Drink which item? (? for menu, Esc to quit)
Okay, then.
Read which item? (? for menu, Esc to quit)
Okay, then.
Drink which item? (? for menu, Esc to quit)
Okay, then.
Okay, then.
Aim: a skeletal warrior, wielding a war axe (almost destroyed)
You throw a throwing net {=f, !d}.
The throwing net {=f, !d} closely misses the skeletal warrior.
The throwing net {=f, !d} hits the skeletal warrior.
The skeletal warrior is caught in the net!
The skeletal warrior misses you.
The skeletal warrior struggles against the net.
The skeletal warrior hits you with a war axe!
* * * LOW HITPOINT WARNING * * *
Your magical contamination has completely faded away.
You take 7 damage, and have 9/115 hp.
Unknown command.
You hit the skeletal warrior but do no damage.
The skeletal warrior hits you but does no damage.
The skeletal warrior struggles against the net.
The skeletal warrior hits you with a war axe!
You die...
Xom roars with laughter!

.......##...§§§).##
.......##..§§§§≈..#
.#####.##..§§≈§≈§.#
.##......#..§≈≈≈..#
....##>#....≈§.≈..#
.......###..z...P.#
.#####.# #.....zz.#
.......# #######z##
######## *#@# #..#
#.## .. *#.. ...
#.#/ ..#.


You could see 3 skeletal warriors.

Vanquished Creatures
  5 skeletal warriors (D:12)
  An unseen horror (D:11)
  Pikel (D:7)
  A hill giant (D:12)
  4 ugly things
  A centaur zombie (D:12)
  An elephant (D:11)
  A yaktaur (D:12)
  A giant leech (D:12)
  A trapdoor spider zombie (D:10)
  A shadow (D:11)
  A spriggan (shapeshifter) (D:12)
  A wraith (D:10)
  2 wyverns (D:10)
  A deep elf mage (D:12)
  A yak (D:11)
  4 hungry ghosts
  A hippogriff (D:9)
  An ice beast (D:5)
  3 slaves (D:7)
  3 necrophages
  2 ogres
  A phantom (D:7)
  5 centaurs
  5 sky beasts
  4 orc warriors
  A big kobold (D:9)
  A crocodile (D:11)
  Blork the orc (D:4)
  7 giant frogs
  A wyvern zombie (D:12)
  2 scorpions
  4 killer bees (D:7)
  A spriggan skeleton (D:10)
  9 wights
  2 quasits
  A giant frog zombie (D:8)
  4 crimson imps
  A wasp zombie (D:7)
  3 jellies
  Crazy Yiuf (D:2)
  Ijyb (D:3)
  2 hounds
  5 orc priests
  4 worker ants
  Jessica (D:2)
  2 centaur skeletons (D:10)
  7 iguanas
  8 orc wizards
  Natasha (D:2)
  A sheep (D:11)
  3 giant frog skeletons
  2 iron imps
  A hound skeleton (D:10)
  2 mummies (D:12)
  A river rat (D:3)
  11 adders
  3 white imps
  4 shadow imps
  An ufetubus (D:8)
  An ooze (D:3)
  An adder zombie (D:8)
  2 adder skeletons
  2 worms (D:2)
  6 giant geckos
  34 orcs
  14 bats
  4 bat skeletons
  5 giant cockroaches
  16 hobgoblins
  5 jackals
  6 quokkas
  A ball python (D:3)
  3 giant newts
  10 goblins
  19 kobolds
  A quokka skeleton (D:6)
  10 rats
292 creatures vanquished.

Vanquished Creatures (collateral kills)
  A skeletal warrior (D:12)
  Edmund (D:4)
  A centaur (D:6)
  A wight (D:12)
  A hound (D:6)
  A worker ant (D:4)
6 creatures vanquished.

Vanquished Creatures (others)
  A slave (D:7)
  A crimson imp (D:12)
  A giant frog skeleton (D:7)
  2 iron imps (D:12)
  An orc wizard (D:7)
  A shadow imp (D:12)
  A white imp (D:12)
  2 orcs (D:7)
  A hobgoblin (D:7)
  3 jackals (D:7)
14 creatures vanquished.

Grand Total: 312 creatures vanquished

Notes
Turn   | Place    | Note
--------------------------------------------------------------
     0 | D:1      | RobertPalmer the Naga Chaos Knight began the quest for the Orb.
     0 | D:1      | Reached XP level 1. HP: 21/21 MP: 1/1
    15 | D:1      | XOM: harmless Tloc miscast
   437 | D:1      | Reached XP level 2. HP: 28/28 MP: 2/2
   989 | D:2      | Reached skill level 4 in Long Blades
  1177 | D:2      | Reached XP level 3. HP: 29/34 MP: 3/3
  1259 | D:2      | Noticed Jessica
  1264 | D:2      | XOM: divination: detect creatures
  1270 | D:2      | Killed Jessica
  1270 | D:2      | Reached XP level 4. HP: 24/42 MP: 4/4
  1319 | D:2      | XOM: divination: detect creatures
  1375 | D:2      | Noticed Natasha
  1389 | D:2      | Killed Natasha
  1389 | D:2      | Reached skill level 5 in Long Blades
  1523 | D:2      | XOM: harmless Pois miscast
  1547 | D:2      | XOM: harmless Fire miscast
  1704 | D:2      | Noticed Crazy Yiuf
  1711 | D:2      | XOM: cast spell 'Olgreb's Toxic Radiance'
  1719 | D:2      | XOM: mild Conj miscast
  1726 | D:2      | XOM: give mutations
  1726 | D:2      | Gained mutation: You occasionally shout uncontrollably at your foes. [Xom's mischief]
  1726 | D:2      | Gained mutation: You are partially covered in rough black scales (AC +4, Dex -1). [Xom's mischief]
  1775 | D:2      | HP: 8/42 [Crazy Yiuf/quarterstaff of chaos (13)]
  1775 | D:2      | HP: 2/42 [Crazy Yiuf/quarterstaff of chaos (6)]
  1777 | D:2      | Killed Crazy Yiuf
  1777 | D:2      | Reached XP level 5. HP: 2/49 MP: 5/5
  2374 | D:3      | XOM: harmless Air miscast
  2543 | D:3      | XOM: give mutations
  2543 | D:3      | Gained mutation: You can exhale a cloud of poison. [Xom's mischief]
  2543 | D:3      | Gained mutation: Your body sometimes deteriorates upon taking damage. [Xom's mischief]
  2543 | D:3      | Gained mutation: You are agile. (Dex +2) [Xom's mischief]
  2543 | D:3      | Gained mutation: You are weak. (Str -2) [Xom's mischief]
  2558 | D:3      | Noticed Ijyb
  2562 | D:3      | XOM: chaos cloud
  2566 | D:3      | Killed Ijyb
  2566 | D:3      | Reached skill level 6 in Long Blades
  2812 | D:3      | Reached XP level 6. HP: 56/56 MP: 6/6
  3001 | D:3      | XOM: harmless Chrm miscast
  3169 | D:3      | XOM: noise
  3266 | D:3      | XOM: draining
  3451 | D:4      | Reached skill level 7 in Long Blades
  3478 | D:4      | Noticed Edmund
  3483 | D:4      | XOM: summons friendly hellwing
  3486 | D:4      | Killed Edmund
  3554 | D:4      | Reached XP level 7. HP: 62/62 MP: 7/7
  3565 | D:4      | Noticed Blork the orc
  3575 | D:4      | XOM: smoke on damage
  3577 | D:4      | Killed Blork the orc
  3577 | D:4      | Reached skill level 8 in Long Blades
  3711 | D:4      | XOM: summons 3 hostile demons
  3762 | D:4      | XOM: scenery: create altars
  3886 | D:4      | XOM: harmless Conj miscast
  4085 | D:4      | XOM: confusion
  4158 | D:5      | Entered Level 5 of the Dungeon
  4178 | D:5      | XOM: polymorph shadow imp -> white imp
  4321 | D:5      | XOM: cast spell 'Dragon Form'
  4346 | D:5      | Reached skill level 9 in Long Blades
  4365 | D:5      | Found a shattered altar of Ashenzari.
  4396 | D:5      | Reached XP level 8. HP: 66/69 MP: 8/8
  4590 | D:5      | XOM: noise
  4651 | D:5      | Found a basalt altar of Yredelemnul.
  4653 | D:5      | Noticed a profane servitor
  4664 | D:5      | Found a glowing golden altar of the Shining One.
  4699 | D:5      | XOM: harmless Fire miscast
  4736 | D:5      | Noticed an angel
  4822 | D:6      | XOM: harmless Hex miscast
  4948 | D:6      | Found a staircase to the Ecumenical Temple.
  4987 | D:6      | Reached skill level 10 in Long Blades
  5284 | D:6      | XOM: noise
  5321 | D:6      | Found a sparkling altar of Nemelex Xobeh.
  5437 | D:6      | XOM: medium Trmt miscast
  5520 | D:7      | Noticed Pikel
  5534 | D:7      | Killed Pikel
  5534 | D:7      | Reached skill level 11 in Long Blades
  5534 | D:7      | Reached XP level 9. HP: 58/75 MP: 7/9
  5558 | D:7      | XOM: potion effect (berserk rage)
  5578 | D:7      | XOM: divination: detect items
  5720 | D:7      | XOM: potion effect (haste)
  5731 | D:7      | Reached skill level 12 in Long Blades
  5734 | D:7      | XOM: harmless Trmt miscast
  5748 | D:7      | XOM: potion effect (might)
  6184 | D:7      | XOM: silly message
  6274 | D:7      | XOM is BORED!
  6274 | D:7      | XOM: silly message
  6349 | D:8      | XOM: harmless Conj miscast
  6351 | D:8      | XOM: 1-stop teleportation journey
  6424 | D:8      | Reached skill level 13 in Long Blades
  6645 | D:8      | XOM: summons 2 hostile demons
  6717 | D:8      | XOM is BORED!
  6717 | D:8      | XOM: give mutations
  6717 | D:8      | Lost mutation: You can exhale a cloud of poison. [Xom's mischief]
  6717 | D:8      | Lost mutation: You are weak. (Str -2) [Xom's mischief]
  6717 | D:8      | Gained mutation: Your flesh is cold resistant. [Xom's mischief]
  6717 | D:8      | Gained mutation: Your flesh is heat resistant. [Xom's mischief]
  7159 | D:8      | Identified a scroll of acquirement
  7214 | D:9      | XOM: 5-stop teleportation journey
  7221 | D:9      | Reached XP level 10. HP: 84/84 MP: 10/10
  7544 | D:9      | Found a stormy altar of Qazlal.
  7562 | D:9      | Found a glowing silver altar of Zin.
  7574 | D:9      | Found an opulent altar of Gozag.
  7574 | D:9      | Found an iron altar of Okawaru.
  7578 | D:9      | Found a shattered altar of Ashenzari.
  7579 | D:9      | Found a radiant altar of Vehumet.
  7624 | D:9      | XOM: chaos upgrade
  7630 | D:9      | XOM: potion effect (might)
  7641 | D:9      | XOM: blink monster(s)
  7643 | D:9      | Reached skill level 14 in Long Blades
  7661 | D:9      | XOM: give mutations
  7661 | D:9      | Gained mutation: You are dopey. (Int -2) [Xom's mischief]
  7661 | D:9      | Gained mutation: Your spells are a little harder to cast, but a little more powerful. [Xom's mischief]
  7661 | D:9      | Lost mutation: You are agile. (Dex +2) [Xom's mischief]
  7668 | D:9      | XOM: harmless Ice miscast
  7793 | D:9      | Found Qapheur's Distillery.
  7796 | D:9      | Bought a potion of beneficial mutation for 385 gold pieces
  7796 | D:9      | Gained mutation: You have a beak for a mouth. [potion of beneficial mutation]
  7797 | D:9      | Gained mutation: You can exhale a cloud of poison. [potion of beneficial mutation]
  7810 | D:9      | XOM: summons 2 hostile demons
  7832 | D:9      | Found a shimmering altar of Xom.
  7834 | D:9      | Found a burning altar of Makhleb.
  7894 | D:10     | Entered Level 10 of the Dungeon
  7922 | D:10     | XOM: summons 4 hostile demons
  7923 | D:10     | Noticed a rust devil
  7935 | D:10     | XOM: smoke on damage
  7942 | D:10     | Noticed a hill giant
  7952 | D:10     | a hill giant changed into a giant leech
  7952 | D:10     | XOM: polymorph hill giant -> giant leech
  8106 | D:10     | Found a staircase to the Orcish Mines.
  8208 | D:10     | XOM: noise
  8424 | D:10     | XOM: mild Erth miscast
  8460 | D:10     | XOM: confusion (+ monsters)
  8593 | D:10     | Found a runed door.
  8611 | D:10     | XOM: give mutations
  8611 | D:10     | Lost mutation: You are dopey. (Int -2) [Xom's mischief]
  8611 | D:10     | Lost mutation: Your flesh is cold resistant. [Xom's mischief]
  8611 | D:10     | Lost mutation: You can exhale a cloud of poison. [Xom's mischief]
  8694 | D:10     | XOM: medium Divn miscast
  8831 | D:10     | XOM: summons 2 hostile shadow creatures
  8863 | D:10     | XOM: blink monster(s)
  8863 | D:10     | XOM: smoke on damage
  8957 | D:10     | XOM: harmless Necr miscast
  8997 | D:10     | XOM: polymorph kobold -> quokka
  9107 | D:10     | Reached skill level 15 in Long Blades
  9164 | D:11     | Noticed an unseen horror
  9164 | D:11     | XOM: confuse monster(s)
  9178 | D:11     | XOM: divination: detect items
  9184 | D:11     | Killed an unseen horror
  9232 | D:11     | Noticed an elephant
  9233 | D:11     | Found a staircase to the Lair.
  9242 | D:11     | XOM: potion effect (experience)
  9242 | D:11     | Reached skill level 9 in Fighting
  9242 | D:11     | Reached XP level 11. HP: 72/106 MP: 7/11
  9244 | D:11     | Killed an elephant
  9311 | D:11     | Found a white marble altar of Elyvilon.
  9464 | D:11     | XOM: destruction
  9472 | D:11     | Reached XP level 12. HP: 91/115 MP: 8/12
  9523 | D:11     | XOM: vitrification
  9626 | D:11     | XOM: god gift: spear {god gift}
  9721 | D:11     | Got a thick robe
  9935 | D:12     | XOM: confuse monster(s)
 10003 | D:12     | XOM: vitrification
 10005 | D:12     | Noticed a salamander stormcaller
 10046 | D:12     | XOM: summons 3 friendly demons
 10051 | D:12     | Reached skill level 16 in Long Blades
 10293 | D:12     | XOM: 5-stop teleportation journey
 10345 | D:12     | XOM: cast spell 'Warp Weapon'
 10557 | D:12     | XOM: potion effect (might)
 10558 | D:12     | XOM: enchant monster (good)
 10587 | D:12     | XOM: summons 3 friendly demons
 10607 | D:12     | Reached skill level 17 in Long Blades
 10792 | D:12     | XOM: god gift: slice of pizza
 10841 | D:12     | Identified the +1 robe "Yguxiujos" {-Tele rF++ Int+4} (You found it on level 11 of the Dungeon)
 10893 | D:12     | XOM: confuse monster(s)
 10895 | D:12     | XOM: divination: magic mapping
 10925 | D:12     | XOM: harmless Tloc miscast
 10930 | D:12     | XOM: confusion
 10931 | D:12     | XOM: destruction
 10932 | D:12     | HP: 21/115 [skeletal warrior/trident (19)]
 10933 | D:12     | HP: 9/115 [skeletal warrior/war axe (7)]
 10934 | D:12     | Slain by a skeletal warrior

Vault maps used:
D:1:      lightli_arrival_maybe_door_vault
D:2:      uniq_natasha, uniq_jessica, uniq_crazy_yiuf_cottage
D:3:      first_bread, uniq_iyjb
D:4:      uniq_blork_the_orc, uniq_edmund
D:5:      serial_park_square1, grunt_temple_overflow_holy_war, serial_glass,
          glass_columns_a, glass_columns_a, amethyst_killhole,
          cheibrodos_ashenzari_chains
D:6:      minmay_temple_entry_glass, nemelex_lonely_heart_becter
D:7:      uniq_pikel
D:9:      grunt_temple_overflow_champion_of_chaos, minitemple, serial_shops,
          nicolae_shop_behind_doors
D:10:     orc_0_dummy, hangedman_tell_no_tales
D:11:     david_lair_generic, basic_altar, serial_glass, glass_columns_c,
          glass_columns_b, glass_columns_b, eino_jars
D:12:     minmay_containers, serial_undead, serial_undead_e, serial_undead_f,
          serial_undead_e, serial_undead_f, serial_undead_a, serial_undead_b,
          serial_undead_d, serial_undead_b, nicolae_two_hexagons

Action                   |  1- 3 |  4- 6 |  7- 9 | 10-12 || total
-------------------------+-------+-------+-------+-------++-------
Melee: Falchion          |    67 |   176 |   107 |       ||   350
       Unarmed           |       |     6 |     5 |       ||    11
       Long sword        |       |       |   302 |       ||   302
       Triple sword      |       |       |    13 |   424 ||   437
Throw: Throwing net      |       |       |       |     1 ||     1
 Abil: Spit Poison       |     5 |     8 |       |     6 ||    19
       Breathe Poison Ga |       |     5 |    15 |     4 ||    24
  Use: Scroll            |       |     9 |    12 |    16 ||    37
       Potion            |       |     3 |       |     8 ||    11
 Stab: Paralysed         |       |     2 |     3 |       ||     5
       Confused          |       |       |     2 |     6 ||     8
       Sleeping          |       |       |     1 |       ||     1
  Eat: Chunk             |       |     8 |    11 |    12 ||    31
       Beef jerky        |       |       |     1 |     2 ||     3
       Bread ration      |       |       |     1 |       ||     1
       Pizza             |       |       |     1 |       ||     1

Vault maps used:
D:1:      lightli_arrival_maybe_door_vault
D:2:      uniq_natasha, uniq_jessica, uniq_crazy_yiuf_cottage
D:3:      first_bread, uniq_iyjb
D:4:      uniq_blork_the_orc, uniq_edmund
D:5:      serial_park_square1, grunt_temple_overflow_holy_war, serial_glass,
          glass_columns_a, glass_columns_a, amethyst_killhole,
          cheibrodos_ashenzari_chains
D:6:      minmay_temple_entry_glass, nemelex_lonely_heart_becter
D:7:      uniq_pikel
D:9:      grunt_temple_overflow_champion_of_chaos, minitemple, serial_shops,
          nicolae_shop_behind_doors
D:10:     orc_0_dummy, hangedman_tell_no_tales
D:11:     david_lair_generic, basic_altar, serial_glass, glass_columns_c,
          glass_columns_b, glass_columns_b, eino_jars
D:12:     minmay_containers, serial_undead, serial_undead_e, serial_undead_f,
          serial_undead_e, serial_undead_f, serial_undead_a, serial_undead_b,
          serial_undead_d, serial_undead_b, nicolae_two_hexagons

Table legend:
 A = Turns spent in this place as a percentage of turns spent in the entire game.
 B = Non-inter-level travel turns spent in this place as a percentage of non-inter-level travel turns spent in the entire game.
 C = Inter-level travel turns spent in this place as a percentage of turns spent in this place.
 D = Turns resting spent in this place as a percentage of non-inter-level travel turns spent in this place.
 E = Turns spent auto-exploring this place as a percentage of non-inter-level travel turns spent in this place.
 F = Non-inter-level travel turns spent in this place divided by the number of levels of this place that you've seen.
                   A       B       C       D       E      F
               +-------+-------+-------+-------+-------+----------------------
         Total | 100.0 | 100.0 |   0.4 |   1.8 |  11.3 | 316.1
       Dungeon | 100.0 | 100.0 |   0.4 |   1.8 |  11.3 | 316.1
               +-------+-------+-------+-------+-------+----------------------

Table legend:
 A = Kills in this place as a percentage of kills in entire the game.
 B = Kills by you in this place as a percentage of kills by you in the entire game.
 C = Kills by friends in this place as a percentage of kills by friends in the entire game.
 D = Other kills in this place as a percentage of other kills in the entire game.
 E = Experience gained in this place as a percentage of experience gained in the entire game.
 F = Experience gained in this place divided by the number of levels of this place that you have seen.
                   A       B       C       D       E      F
               +-------+-------+-------+-------+-------+----------------------
         Total | 100.0 | 100.0 | 100.0 |  -nan | 100.0 | 1657.3
       Dungeon | 100.0 | 100.0 | 100.0 |  -nan | 100.0 | 1657.3
               +-------+-------+-------+-------+-------+----------------------
